 Dungeon Crawl Stone Soup version 0.27-a0-423-gf312af23e9 (webtiles) character file.

Game seed: 1343155958042805249

56 siradein the Grave Robber (level 3, -1/19 HPs)
             Began as a Vampire Necromancer on Feb 26, 2021.
             Slain by an orc
             ... wielding a +0 mace
              (6 damage)
             ... on level 2 of the Dungeon on Feb 27, 2021.
             The game lasted 00:07:57 (1822 turns).

siradein the Grave Robber (Vampire Necromancer)     Turns: 1822, Time: 00:07:58

Health: -1/19      AC:  2    Str:  5 (7)  XL:     3   Next: 69%
Magic:  1/6        EV: 12    Int: 16 (18) God:
Gold:   39         SH:  0    Dex: 12 (14) Spells: 1/6 levels left

rFire    . . .     SeeInvis +   g - +0 spear
rCold    + + .     Faith    .   (no shield)
rNeg     + + +     Spirit   .   a - +0 robe
rPois    ∞         Reflect  .   (no helmet)
rElec    .         Harm     .   (no cloak)
rCorr    .         Rampage  .   (no gloves)
Will     .....                  (no boots)
Stlth    ++++......             (no amulet)
HPRegen  0.00/turn              (no ring)
MPRegen  0.10/turn              (no ring)

@: bloodless
A: fangs 3, see invisible, unbreathing
a: Bat Form, Revivify


You were on level 2 of the Dungeon.
You visited 1 branch of the dungeon, and saw 2 of its levels.

You collected 39 gold pieces.

Inventory:

Hand Weapons
 g - a +0 spear (weapon)
Armour
 a - a +0 robe (worn)
Wands
 h - a wand of iceblast (7)
Scrolls
 b - a scroll of amnesia {unknown}
 d - a scroll of random uselessness {unknown}
 e - a scroll of fear {unknown}
Potions
 c - a potion of flight {unknown}
 f - 2 potions of heal wounds {unknown}
 i - a potion of brilliance {unknown}


   Skills:
 - Level 2.1 Dodging
 - Level 3.0 Stealth
 - Level 2.0 Spellcasting
 + Level 6.0 Necromancy


You had one spell level left.
You knew the following spells:

 Your Spells              Type           Power        Failure   Level
a - Pain                  Necr           80%          1%          1
b - Animate Skeleton      Necr           40%          1%          1
c - Vampiric Draining     Necr           10%          5%          3

Your spell library contained the following spells:

 Spells                   Type           Power        Failure   Level
 Animate Dead             Necr           10%          17%         4
 Agony                    Necr           20%          43%         5


Dungeon Overview and Level Annotations

Branches:
Dungeon (2/15)

Altars:


Innate Abilities, Weirdness & Mutations

You do not regenerate when monsters are visible.
You are frail without blood (-20% HP).
You can heal yourself when you bite living creatures.
You are immune to poison.
You have razor-sharp teeth.
You have supernaturally acute eyesight. (SInv)
You can survive without breathing.


Message History

You kill the hobgoblin!
The orc shouts!
The orc shouts!
You hear a shout!
An adder comes into view.
An orc comes into view. It is wielding a +0 mace.
The adder bites you.
Things that are here:
a +0 club; a hobgoblin corpse
Casting: Pain (safe; 1% risk of failure)
Confirm with . or Enter, or press ? or * to list all spells.
You attempt to give life to the dead...
Before your eyes, flesh is ripped from the corpse!
The dead are walking!
The orc closely misses you. The adder misses you.
Aiming: Pain (safe; 1% risk of failure)
Press: ? - help, Q - select action, (/) - cycle Shift-Dir - straight line, f - adder
Aim: an adder (ally target, chance to affect: 85%)
The adder writhes in agony.
The adder bites you. The orc closely misses you.
You don't have enough magic to cast this spell.
You don't have enough magic to cast this spell.
You closely miss the adder.
The adder is heavily wounded.
The adder barely misses you.
Your hobgoblin skeleton barely misses the adder.
The orc barely misses you. The adder bites you.
You hit the adder.
The adder is severely wounded.
The adder closely misses you.
Your hobgoblin skeleton closely misses the adder.
The orc barely misses you.
You hit the adder but do no damage.
The adder is severely wounded.
The adder bites you.
Your hobgoblin skeleton hits the adder with a +0 club.
The orc misses you. The adder bites you.
* * * LOW HITPOINT WARNING * * *
You hit the adder.
You kill the adder!
The orc hits you with a +0 mace.
You die...

#.# #.# #.# #.# .
######.# ...
..)....#########
.....#####...........#
.....Z.@ooo).....###.##
...#######.##..>......#
#.##.##.###).##
#o##.##........
#.##.######..## #$##.#
#..# #.##.# #..# #o##.#
#..# .. ...#


You could see 3 orcs and a friendly hobgoblin skeleton.

Vanquished Creatures
  3 adders
  2 dart slugs (D:1)
  A leopard gecko (D:1)
  An orc (D:2)
  2 giant cockroaches
  4 goblins
  6 hobgoblins
  4 kobolds
  3 bats
  4 frilled lizards
  A rat (D:2)
31 creatures vanquished.

Notes
Turn   | Place    | Note
-------+----------+-------------------------------------------
     0 | D:1      | siradein the Vampire Necromancer began the quest for the
                  | Orb.
     0 | D:1      | Reached XP level 1. HP: 13/13 MP: 3/3
   331 | D:1      | Reached XP level 2. HP: 15/15 MP: 1/5
   428 | D:1      | Reached skill level 5 in Necromancy
  1048 | D:1      | Reached XP level 3. HP: 4/19 MP: 1/6
  1381 | D:2      | Learned a level 1 spell: Animate Skeleton
  1734 | D:2      | Learned a level 3 spell: Vampiric Draining
  1796 | D:2      | Reached skill level 6 in Necromancy
  1822 | D:2      | Slain by an orc

Illustrated notes

Levels and vault maps discovered:
D:1:      dpeg_arrival_solitude, layout_loops_corners
D:2:      layout_loops_ring, uniq_jessica

Skill      XL: |  1  2  3 |
---------------+----------+-----
Necromancy     | 5 6 |  6.0
Dodging        | |  2.1
Stealth        | |  3.0
Spellcasting   | |  2.0

Action                   || total
-------------------------++-------
Melee: Spear             ||    11
 Cast: Pain              ||    54
       Animate Skeleton  ||     5
 Abil: Exsanguinate      ||     1
       End Transformatio ||     1
       Bat Form          ||     1
Armor: Robe              ||     3
Dodge: Dodged            ||    27

Table legend: (Time is in decaauts)
 A = Elapsed time spent in this place.
 B = Non-inter-level travel time spent in this place.
 C = Inter-level travel time spent in this place.
 D = Time resting spent in this place.
 E = Time spent auto-exploring this place.
 F = Levels seen in this place.
 G = Mean time per level.
                   A        B        C        D        E       F      G
               +--------+--------+--------+--------+--------+-----+--------+
         Total |   1835 |   1826 |      9 |     23 |   1515 |   2 |  917.5 |
       Dungeon |   1835 |   1826 |      9 |     23 |   1515 |   2 |  917.5 |
               +--------+--------+--------+--------+--------+-----+--------+

Top non-repeatable levels by time:
     D:1: 1318 daAuts
     D:2: 516 daAuts
